 Dungeon Crawl Stone Soup version 0.27.1-34-g3ba077fa99 (webtiles) character file.

Game seed: 11250160948250322731

147 Cykl0x the Slasher (level 5, -2/31 HPs)
             Began as a Gargoyle Gladiator on Jan 11, 2022.
             Killed from afar by Sigmund (13 damage)
             ... with a puff of flame
             ... on level 4 of the Dungeon.
             The game lasted 00:03:31 (2220 turns).

Cykl0x the Slasher (Gargoyle Gladiator)             Turns: 2220, Time: 00:03:32

Health: -2/31      AC: 10    Str: 19    XL:     5   Next: 29%
Magic:  6/6        EV: 11    Int:  8    God:
Gold:   117        SH:  0    Dex: 11    Spells: 4/6 levels left

rFire    . . .     SeeInvis .   a - +0 long sword
rCold    . . .     Faith    .   (no shield)
rNeg     + . .     Spirit   .   e - +0 ring mail
rPois    ∞         Reflect  .   c - +0 helmet
rElec    +         Harm     .   (no cloak)
rCorr    .         Rampage  .   (no gloves)
Will     .....                  (no boots)
Stlth    +.........             (no amulet)
HPRegen  0.10/turn              (no ring)
MPRegen  0.10/turn              (no ring)

@: no status effects
A: sickness immunity, AC +4, negative energy resistance 1, electricity
resistance, torment resistance 1, petrification resistance
a: no special abilities


You were on level 4 of the Dungeon.
You visited 1 branch of the dungeon, and saw 4 of its levels.

You collected 117 gold pieces.

Inventory:

Hand Weapons
 a - a +0 long sword (weapon)
 j - a +0 dagger of venom
Missiles
 d - 3 throwing nets
 h - 8 boomerangs
 i - 3 javelins
 o - 16 poisoned darts (quivered)
Armour
 b - a +0 leather armour
 c - a +0 helmet (worn)
 e - a +0 ring mail (worn)
Potions
 f - a potion of curing {unknown}
 k - a potion of lignification
 l - a potion of ambrosia {unknown}
 m - a potion of heal wounds {unknown}
 n - a potion of cancellation {unknown}
 p - a potion of attraction {unknown}


   Skills:
 + Level 2.6 Fighting
 + Level 3.8 Long Blades
 + Level 2.0 Throwing
 * Level 1.5 Armour
 + Level 2.9 Dodging
 * Level 1.3 Spellcasting
 * Level 1.0 Transmutations


You had 4 spell levels left.
You knew the following spells:

 Your Spells              Type           Power      Damage    Failure   Level
a - Wereblood             Tmut           2%         N/A       54%         2

Your spell library contained the following spells:

 Spells                   Type           Power      Damage    Failure   Level
 Gell's Gravitas          Tloc           0%         N/A       90%         3
 Teleport Other           Tloc           0%         N/A       90%         3
 Dispersal                Tloc           0%         N/A       100%        6
 Summon Hydra             Summ           0%         N/A       100%        7
 Sublimation of Blood     Necr           Unusable   N/A       N/A         2

Dungeon Overview and Level Annotations

Branches:
Dungeon (4/15)
 Temple: D:4-7

Altars:
Ashenzari

Annotations:
D:4 Sigmund


Innate Abilities, Weirdness & Mutations

You are immune to sickness and miasma.
Your stone body is resilient. (AC +4)
You are immune to poison.
You resist negative energy. (rN+)
You are resistant to electric shocks. (rElec)
You are resistant to unholy torment.
You are immune to petrification.


Message History

No target in view!
No target in view!
No target in view!
Found a stone staircase leading down.
You see here an iguana corpse.
o - 18 poisoned darts (gained 1)
Found two stone staircases leading down.
o - 19 poisoned darts (gained 1)
o - 20 poisoned darts (gained 1) Sigmund the Dreaded comes into view.
He is wielding a +0 scythe.
Sigmund shouts!
You throw a poisoned dart. The poisoned dart hits Sigmund.
Sigmund is poisoned.
A scorpion comes into view.
You throw a poisoned dart. The poisoned dart hits Sigmund.
Sigmund points at you and mumbles some strange words.
The puff of flame hits you but does no damage.
You throw a poisoned dart. The poisoned dart hits Sigmund.
Sigmund looks even sicker.
You throw a poisoned dart.
The poisoned dart barely misses Sigmund.
The poisoned dart closely misses the scorpion.
Found 20 stones and a scroll of fear.
Sigmund points at you and mumbles some strange words.
The magic dart hits you.
You barely miss Sigmund.
Sigmund is lightly wounded.
Sigmund closely misses you. The scorpion stings you.
You hit Sigmund.
Sigmund is lightly wounded.
Sigmund hits you with a +0 scythe! The scorpion stings you.
You hit Sigmund but do no damage.
Sigmund is moderately wounded.
The scorpion stings you but does no damage.
Sigmund gestures at you while chanting. The magic dart hits you.
The scorpion barely misses you.
You slash Sigmund!
Sigmund is heavily wounded.
Sigmund gestures at you while chanting. The puff of flame hits you!
You die...

*,,,,,,,,,,,,,,,,,,,,*,,,*≈,,≈≈≈,
,,,,**,,,,,,,,*,,..?.,,,,*,≈≈≈≈≈≈
,,,*****,,,,,,,**.(.*,,,,*,,,,,,,
,,,,,***,,,,,,***...,,,,,,*******
,,,..,,,,,,..,*##..,,,,*,,,,,,,,,
,,,..#***#...**#.(#**,***********
,,,>..####...###..* ***
.,,....##....(.s@#*
..,,.......,*###@##******
...###..##.###.#..#*,**,**
*#...<...##......##.,**,,**
##....†................,,,*
.............##....#...,,**
.......................,,,*
..................#....,,,*
.#...............##..##,,,*
....#.............#,..#,,**


You could see Sigmund (poisoned) and a scorpion.

Vanquished Creatures
  A hound (D:3)
  An iguana (D:4)
  An adder (D:3)
  A worm (D:2)
  A dart slug (D:1)
  5 endoplasms
  4 giant cockroaches
  8 hobgoblins
  8 jackals
  7 quokkas
  5 ball pythons
  5 bats
  7 frilled lizards
  6 goblins
  6 kobolds
  5 rats
71 creatures vanquished.

Vanquished Creatures (others)
  5 plants (D:1)
5 creatures vanquished.

Grand Total: 76 creatures vanquished

Notes
Turn   | Place    | Note
-------+----------+-------------------------------------------
     0 | D:1      | Cykl0x the Gargoyle Gladiator began the quest for the Orb.
     0 | D:1      | Reached XP level 1. HP: 12/12 MP: 1/1
   136 | D:1      | Reached XP level 2. HP: 16/17 MP: 2/2
   162 | D:1      | Reached skill level 3 in Long Blades
   274 | D:1      | Found a faded altar of an unknown god.
   457 | D:1      | Reached XP level 3. HP: 22/22 MP: 3/3
   870 | D:1      | Learned a level 2 spell: Wereblood
   972 | D:2      | Found a broken altar of Ashenzari.
  1063 | D:2      | Reached skill level 1 in Armour
  1365 | D:2      | Reached XP level 4. HP: 27/27 MP: 5/5
  1542 | D:3      | Reached skill level 1 in Spellcasting
  1767 | D:3      | Reached XP level 5. HP: 28/31 MP: 6/6
  2194 | D:4      | Reached skill level 1 in Transmutations
  2210 | D:4      | Noticed Sigmund
  2220 | D:4      | Killed from afar by Sigmund

Illustrated notes

Levels and vault maps discovered:
D:1:      co_arrival_square_in_a_square_in_a_square, layout_loops_ring,
          dilly_ecumenical_altar_fadedgnrine
D:2:      layout_loops_ring, basic_altar, minmay_lizard_pond
D:3:      layout_rooms
D:4:      layout_cave_pools, mainiacjoe_overflow_paths,
          gup_ossuary_entry_pyramid, chequers_serial_rivers_micro_a,
          guppyfry_early_lair_pool, uniq_sigmund, uniq_menkaure

Skill      XL: |  1  2  3  4  5 |
---------------+----------------+-----
Long Blades    | 3 |  3.8
Armour         | 1 |  1.5
Spellcasting   | 1 |  1.3
Throwing       | 2 |  2.0
Transmutations | 1 |  1.0
Fighting       | |  2.6
Dodging        | |  2.9

Action                   |  1- 3 |  4- 6 || total
-------------------------+-------+-------++-------
Melee: Long sword        |   159 |    60 ||   219
Throw: Dart              |       |    29 ||    29
  Use: Scroll            |       |     7 ||     7
Armor: Ring mail         |    81 |    31 ||   112
Dodge: Dodged            |   121 |    39 ||   160
       Rpst.: Long sword |    32 |    16 ||    48
